 Dungeon Crawl Stone Soup version 0.30-a0-55-g90e3122c3a (webtiles) character file.

Game seed: 11252740978843966270

5136 Pooter the Cleaver (level 10, -2/136 HPs)
             Began as a Minotaur Berserker on Sept 9, 2022.
             Was a Priest of Trog.
             Slain by an orc warrior
             ... wielding a +0 glaive
              (15 damage)
             ... in a bailey.
             The game lasted 00:45:19 (8203 turns).

Pooter the Cleaver (Minotaur Berserker)             Turns: 8203, Time: 00:45:20

Health: -2/136     AC: 11    Str: 24    XL:     10   Next: 33%
Magic:  0/9        EV: 10    Int:  6    God:    Trog [***...]
Gold:   217        SH:  0    Dex: 10    Spells: 9/9 levels left

rFire   + . .      SeeInvis .    a - +0 battleaxe (flame)
rCold   . . .      Faith    .    (shield currently unavailable)
rNeg    . . .      Spirit   +    R - +0 scale mail
rPois   .          Reflect  .    (helmet restricted)
rElec   .          Harm     .    p - +2 cloak {Will+}
rCorr   .          Rampage  .    (no gloves)
Will    +++..                    U - +1 pair of boots
Stlth   ..........               G - amulet of guardian spirit
HPRegen 1.32/turn                F - ring of protection from fire
MPRegen 0.11/turn                O - ring of flight

@: mighty, berserking, strong-willed, flying, regenerating, very quick
A: horns 2, retaliatory headbutt
a: Renounce Religion, Berserk, Trog's Hand


You were in a bailey.
You worshipped Trog.
Trog was most pleased with you.
You visited 1 branch of the dungeon, and saw 8 of its levels.
You also visited: Ossuary and Bailey.

You collected 412 gold pieces.
You spent 195 gold pieces at shops.

Inventory:

Hand Weapons
 a - a +0 battleaxe of flaming (weapon)
   (You found it on level 6 of the Dungeon)
 b - a +1 shortbow of freezing
   (You took it off a centaur on level 6 of the Dungeon)
 i - a +6 vorpal spear
   (You took it off a gnoll sergeant on level 7 of the Dungeon)
 t - a +4 scimitar of flaming
   (You took it off Erica on level 8 of the Dungeon)
 B - a +2 hand axe of electrocution
   (You took it off an orc on level 4 of the Dungeon)
 K - a +0 sling
   (You took it off an orc on level 4 of the Dungeon)
 T - a +4 halberd of freezing
   (You took it off a wight on level 6 of the Dungeon)
Missiles
 o - 3 atropa-tipped darts
 w - 5 poisoned darts
 z - a throwing net {!f}
 I - 2 boomerangs
 Q - 41 stones (quivered)
Armour
 p - a +2 cloak of willpower (worn)
   (You found it on level 3 of the Dungeon)
 C - a +0 kite shield
   (You took it off a gnoll sergeant on level 5 of the Dungeon)
 R - a +0 scale mail (worn)
   (You took it off an orc on level 4 of the Dungeon)
 U - a +1 pair of boots (worn)
   (You found it on level 7 of the Dungeon)
Jewellery
 F - a ring of protection from fire (left hand)
   (You found it on level 2 of the Dungeon)
 G - an amulet of guardian spirit (around neck)
   (You took it off a wight on level 6 of the Dungeon)
 O - a ring of flight (right hand)
   (You took it off a wight on level 6 of the Dungeon)
 S - a ring of see invisible
   (You bought it in a shop on level 5 of the Dungeon)
Wands
 x - a wand of acid (2)
   (You took it off a wight on level 6 of the Dungeon)
 y - a wand of mindburst (2)
   (You found it on level 4 of the Dungeon)
 D - a wand of digging (1)
   (You found it on level 3 of the Dungeon)
Scrolls
 e - a scroll of fear
 g - a scroll of brand weapon
 j - 3 scrolls of poison {!r}
 k - a scroll of silence
 m - 3 scrolls of blinking
 u - a scroll of fog
 v - a scroll of immolation {!r}
 A - 2 scrolls of vulnerability {!r}
 E - 2 scrolls of enchant armour
 J - a scroll of summoning
Potions
 c - 2 potions of cancellation {unknown}
 d - 2 potions of mutation {unknown}
 f - a potion of might
 h - 2 potions of flight
 l - 4 potions of curing {@q1}
 n - 2 potions of resistance {unknown}
 q - a potion of brilliance {unknown}
 r - a potion of magic {unknown}
 s - 3 potions of heal wounds {@q2}
 H - a potion of invisibility {unknown}
 L - 2 potions of haste {unknown}
 M - 2 potions of lignification {unknown}
 P - a potion of ambrosia {unknown}


   Skills:
 + Level 9.0 Fighting
 * Level 12.1 Axes
 * Level 8.8 Ranged Weapons
 - Level 2.4 Armour
 - Level 2.1 Dodging
 + Level 4.7 Evocations


You had 9 spell levels left.
You didn't know any spells.
Your spell library was empty.

Dungeon Overview and Level Annotations

Branches:
Dungeon (8/15)             Temple (0/1) D:4         Ossuary (visited)
 Bailey (1/1)
   Lair: D:8-11

Altars:
Cheibriados
Dithmenos
Gozag
Hepliaklqana
Kikubaaqudgha
Nemelex Xobeh
Trog
Uskayaw
Vehumet
Zin

Shops:
D:5 =   D:8 :


Innate Abilities, Weirdness & Mutations

You have a pair of horns on your head.
You reflexively headbutt those who attack you in melee.


Message History

Your skin crawls.
You feel strong-willed. The orc warrior barely misses you.
The orc warrior hits you from afar with a +0 glaive!!
You feel very mighty all of a sudden.
The orc warrior hits you from afar with a +0 halberd.
The orc warrior barely misses you. The orc barely misses you.
You furiously retaliate!
You headbutt the orc.
The orc warrior hits you from afar with a +0 glaive.
You barely miss the orc. You headbutt the orc!
You kill the orc!
Trog accepts your kill. The orc warrior barely misses you. x2
The orc warrior hits you from afar with a +0 glaive!
The orc warrior closely misses you.
The orc warrior hits you with a +0 glaive.
The orc warrior hits you with a +0 glaive!!
* * * LOW HITPOINT WARNING * * *
There is a broken door, spattered with blood here.
Things that are here:
a +0 war axe; an orc corpse A red film seems to cover your vision as you go berserk!
You feel yourself moving faster!
You feel mighty!
The orc warrior hits you with a +0 halberd.
* * * LOW HITPOINT WARNING * * *
The orc warrior closely misses you. You furiously retaliate!
You headbutt the orc warrior!
The orc warrior hits you with a +0 glaive!
* * * LOW MAGIC WARNING * * *
* * * LOW HITPOINT WARNING * * *
You closely miss the orc warrior. You headbutt the orc warrior!!
You hit the orc warrior. You burn the orc warrior. You slash the orc warrior!
You burn the orc warrior.
The orc warrior hits you with a +0 halberd!!
* * * LOW MAGIC WARNING * * *
* * * LOW HITPOINT WARNING * * *
The orc warrior hits you with a +0 glaive!
* * * LOW MAGIC WARNING * * *
* * * LOW HITPOINT WARNING * * *
The orc warrior hits you with a +0 glaive.
* * * LOW HITPOINT WARNING * * *
Unknown command.
You slice the orc warrior!! You burn the orc warrior.
You feel the power of Trog in you as your rage grows.
You kill the orc warrior!
Trog accepts your kill.
You barely miss the orc warrior. x2; The orc warrior completely misses you.
The orc warrior hits you with a +0 glaive!
* * * LOW MAGIC WARNING * * *
You die...

########### ######
.∩..)).).)## #.....#
..)))#.....######...).
....###....#....#o.##...
.....8.....'....@)o8....
....###....#....#o.##...
.....#.....######.....
.∩........## #.....#
########### ######


You could see 3 orc warriors.

Vanquished Creatures
  Erica (D:8)
  An ugly thing (D:8)
  A gargoyle (D:7)
  Prince Ribbit (D:5)
  A wraith (Ossuary)
  A wyvern (D:7)
  Eustachio (D:6)
  A steam dragon (D:5)
  A water moccasin (D:8)
  4 orc warriors
  3 sky beasts
  5 black bears
  2 ice beasts
  A centaur (D:6)
  2 bullfrogs
  A kobold brigand (D:8)
  2 gnoll sergeants
  4 scorpions
  5 wights (D:6)
  5 howler monkeys
  4 hounds
  2 jellies
  2 gnoll boudas
  An orc priest (D:8)
  2 iguanas
  3 orc wizards
  2 mummies
  16 gnolls
  4 adders
  2 shadow imps (D:6)
  A white imp (D:6)
  2 dart slugs
  36 orcs
  2 endoplasms
  4 giant cockroaches
  11 goblins
  4 hobgoblins
  A quokka (D:1)
  8 ball pythons
  4 bats
  3 frilled lizards (D:1)
  5 gnoll skeletons (Ossuary)
  7 kobolds
  10 kobold skeletons (Ossuary)
  10 orc skeletons (Ossuary)
  4 rats
  A bush (D:7)
194 creatures vanquished.

Vanquished Creatures (others)
  6 bushes (D:7)
  A plant (D:3)
7 creatures vanquished.

Grand Total: 201 creatures vanquished

Notes
Turn   | Place    | Note
-------+----------+-------------------------------------------
     0 | D:1      | Pooter the Minotaur Berserker began the quest for the Orb.
     0 | D:1      | Reached XP level 1. HP: 19/19 MP: 0/0
   425 | D:1      | Reached skill level 4 in Axes
   495 | D:1      | Reached XP level 2. HP: 27/27 MP: 1/1
   745 | D:1      | Found a faded altar of an unknown god.
  1045 | D:2      | Reached XP level 3. HP: 27/33 MP: 2/2
  1198 | D:2      | Reached ** piety under Trog
  1670 | D:2      | Reached skill level 5 in Axes
  1941 | D:3      | Found a hazy altar of Hepliaklqana.
  2078 | D:3      | Identified the +5 dagger of the Tiger {vorpal, *Rage rC+
                  | Int+4 SInv}
  2216 | D:3      | Found a shadowy altar of Dithmenos.
  2216 | D:3      | Found a bloodstained altar of Trog.
  2217 | D:3      | Found an ancient bone altar of Kikubaaqudgha.
  2276 | D:3      | Noticed a black bear
  2282 | D:3      | Killed a black bear
  2283 | D:3      | Reached skill level 5 in Fighting
  2283 | D:3      | Reached skill level 6 in Axes
  2283 | D:3      | Reached XP level 4. HP: 42/42 MP: 3/3
  2283 | D:3      | Reached XP level 5. HP: 48/48 MP: 4/4
  2329 | D:3      | Noticed a black bear
  2334 | D:3      | Killed a black bear
  2623 | D:4      | Noticed an ice beast
  2637 | D:4      | Killed an ice beast
  2638 | D:4      | Reached skill level 7 in Axes
  2638 | D:4      | Reached XP level 6. HP: 57/57 MP: 5/5
  3104 | D:4      | Found a staircase to the Ecumenical Temple.
  3141 | D:4      | Reached skill level 1 in Ranged Weapons
  3168 | D:4      | Found a glowing silver altar of Zin.
  3264 | D:4      | Noticed a sky beast
  3277 | D:4      | Killed a sky beast
  3402 | D:4      | Reached skill level 8 in Axes
  3402 | D:4      | Reached XP level 7. HP: 56/63 MP: 6/6
  3676 | D:5      | Entered Level 5 of the Dungeon
  3718 | D:5      | Noticed Prince Ribbit
  3718 | D:5      | Noticed a steam dragon
  3770 | D:5      | Killed a steam dragon
  3773 | D:5      | Killed Prince Ribbit
  3774 | D:5      | Reached skill level 1 in Evocations
  3950 | D:5      | Reached XP level 8. HP: 71/71 MP: 7/7
  4022 | D:5      | Found Amy Dyom's Jewellery Shoppe.
  4027 | D:5      | Reached skill level 9 in Axes
  4193 | D:5      | Found a sand-covered staircase.
  4199 | Ossuary  | Entered an ossuary
  4289 | Ossuary  | Reached *** piety under Trog
  4368 | Ossuary  | Reached skill level 5 in Ranged Weapons
  5023 | D:5      | Bought a ring of see invisible for 195 gold pieces
  5249 | D:6      | Found a snail-covered altar of Cheibriados.
  5260 | D:6      | Reached skill level 10 in Axes
  5371 | D:6      | Noticed Eustachio
  5388 | D:6      | Killed Eustachio
  5389 | D:6      | Reached XP level 9. HP: 79/79 MP: 8/8
  5431 | D:6      | Found a radiant altar of Vehumet.
  5671 | D:6      | Reached **** piety under Trog
  5896 | D:6      | Found a sparkling altar of Nemelex Xobeh.
  5926 | D:6      | Found a hide-covered altar of Uskayaw.
  5926 | D:6      | Noticed a +0 falchion
  5927 | D:6      | Noticed a +0 dagger
  5927 | D:6      | Noticed a +0 short sword
  5927 | D:6      | Noticed a +0 dagger
  5927 | D:6      | Noticed a +0 falchion
  5928 | D:6      | Noticed a +0 short sword
  5928 | D:6      | Noticed a +0 spear
  5929 | D:6      | Noticed a +0 spear
  6206 | D:7      | Noticed a gargoyle
  6208 | D:7      | Killed a gargoyle
  6408 | D:7      | Reached skill level 11 in Axes
  7496 | D:8      | Found Rituxtui's Tremendous Tomes.
  7516 | D:8      | Found an opulent altar of Gozag.
  7532 | D:8      | Noticed a purple ugly thing
  7543 | D:8      | Killed a purple ugly thing
  7544 | D:8      | Reached XP level 10. HP: 90/90 MP: 6/9
  7548 | D:8      | Noticed Erica
  7560 | D:8      | HP: 2/90 [Erica/+4 scimitar of flaming (6)]
  7850 | D:8      | Killed Erica
  7851 | D:8      | Reached skill level 12 in Axes
  7901 | D:8      | Found a flagged portal.
  7907 | Bailey   | Entered a bailey
  8203 | Bailey   | Slain by an orc warrior

Illustrated notes

Levels and vault maps discovered:
D:1:      erik_arrival_triangle_large, layout_loops_ring, basic_ecumenical_altar
D:2:      layout_loops_ring
D:3:      layout_basic, gammafunk_temple_overflow_forgotten,
          mainiacjoe_overflow_concentric_impassable, eino_tiny_chamber,
          chequers_serial_rivers_micro_a
D:4:      layout_basic, zin_scriptorium, minmay_temple_entry_stoned_glass,
          grunt_ministairs_13
D:5:      layout_loops_ring, gup_ossuary_entry_pyramid, serial_shops,
          shop_fountains, uniq_prince_ribbit1
D:6:      layout_rooms, lemuel_crystal_altar, nemelex_diamond_rough_becter,
          nicolae_overflow_crystal_walls, nicolae_uskayaw_en_pointe,
          uniq_eustachio
D:7:      layout_layer_cave, minmay_hedge_maze
D:8:      layout_basic, general_overflow_altar, enter_bailey_3,
          nicolae_shop_i_like_big_books, uniq_erica
Bailey:   bailey_polearm_5, bailey

Skill      XL: |  1  2  3  4  5  6  7  8  9 10 |
---------------+-------------------------------+-----
Axes           | 4 6 7 8 10 11 12 | 12.1
Fighting       | 4 5 6 7 8 9 |  9.0
Ranged Weapons | 2 4 6 8 |  8.8
Evocations     | 1 3 4 |  4.7
Armour         | |  2.4
Dodging        | |  2.1

Action                   |  1- 3 |  4- 6 |  7- 9 | 10-12 || total
-------------------------+-------+-------+-------+-------++-------
Melee: Hand axe          |    89 |    43 |    49 |       ||   181
       Headbutt          |    16 |     3 |    39 |    12 ||    70
       Halberd           |       |       |    83 |       ||    83
       Battleaxe         |       |       |    82 |    51 ||   133
 Fire: Sling             |       |     4 |     3 |       ||     7
       Shortbow          |       |       |    46 |    13 ||    59
Throw: Stone             |     8 |       |       |       ||     8
       Dart              |       |     8 |       |       ||     8
Invok: Berserk           |     1 |     4 |     7 |     4 ||    16
       Trog's Hand       |       |       |     2 |     5 ||     7
Evoke: Wand              |       |     1 |     6 |     2 ||     9
  Use: Scroll            |     5 |     1 |    16 |     2 ||    24
       Potion            |       |       |       |     1 ||     1
Armor: Animal skin       |     9 |    14 |       |       ||    23
       Ring mail         |       |     7 |     3 |       ||    10
       Scale mail        |       |       |    69 |    27 ||    96
Dodge: Dodged            |    58 |    17 |   101 |    45 ||   221
Block: Kite shield       |       |       |     6 |       ||     6

Table legend: (Time is in decaauts)
 A = Elapsed time spent in this place.
 B = Non-inter-level travel time spent in this place.
 C = Inter-level travel time spent in this place.
 D = Time resting spent in this place.
 E = Time spent auto-exploring this place.
 F = Levels seen in this place.
 G = Mean time per level.
                   A        B        C        D        E       F      G
               +--------+--------+--------+--------+--------+-----+--------+
         Total |   8403 |   8226 |    177 |   2011 |   4376 |  10 |  840.3 |
       Dungeon |   7573 |   7396 |    177 |   1460 |   4344 |   8 |  946.6 |
       Ossuary |    512 |    512 |      0 |    305 |     32 |   1 |  512.0 |
        Bailey |    318 |    318 |      0 |    245 |      0 |   1 |  318.0 |
               +--------+--------+--------+--------+--------+-----+--------+

Top non-repeatable levels by time:
     D:7: 1726 daAuts
     D:4: 1094 daAuts
     D:3: 1016 daAuts
     D:1: 959 daAuts
     D:5: 937 daAuts
     D:2: 909 daAuts
     D:6: 724 daAuts
 Ossuary: 512 daAuts
  Bailey: 318 daAuts
     D:8: 204 daAuts
